 Dungeon Crawl Stone Soup version 0.30-a0-728-gc68057be0a (webtiles) character file.

Game seed: 15414273095402945461

3471 retardedninja the Fighter (level 10, -11/99 HPs)
             Began as a Gargoyle Fighter on Jan 30, 2023.
             Was an Initiate of Gozag.
             Mangled by an orc
             ... wielding a +5 trident
              (15 damage)
             ... in a bailey.
             The game lasted 00:10:38 (8544 turns).

retardedninja the Fighter (Gargoyle Fighter)        Turns: 8544, Time: 00:10:39

Health: -11/99     AC: 26    Str: 29    XL:     10   Next: 6%
Magic:  10/10      EV:  8    Int:  8    God:    Gozag
Gold:   934        SH:  0    Dex:  9    Spells: 9/9 levels left

rFire   . . .      SeeInvis .    q - +6 dire flail
rCold   . . .      Faith    .    (shield currently unavailable)
rNeg    + . .      Spirit   .    j - +1 plate armour of Generosity {Str+4}
rPois   ∞          Reflect  .    c - +2 hat
rElec   +          Harm     .    m - +1 cloak
rCorr   +          Rampage  .    (no gloves)
Will    .....                    (no boots) Stlth
                                 (no amulet)
HPRegen 0.36/turn                n - ring of resist corrosion
MPRegen 0.12/turn                (no ring)

@: mighty, berserking, gold aura, hasted, very quick
A: sickness immunity, AC +7, negative energy resistance 1, electricity
resistance, torment resistance 1, petrification resistance
a: Renounce Religion, Potion Petition, Call Merchant, Bribe Branch


You were in a bailey.
You worshipped Gozag.
Gozag was pleased with you.
You visited 2 branches of the dungeon, and saw 8 of its levels.
You also visited: Bailey.

You collected 1290 gold pieces.
You paid 356 gold pieces to Gozag.

Inventory:

Hand Weapons
 a - a +3 flail
 q - a +6 dire flail (weapon)
Missiles
 h - a throwing net (quivered)
Armour
 c - a +2 hat (worn)
 j - the +1 plate armour of Generosity (worn) {Str+4}
   (You found it on level 5 of the Dungeon)

   Str:       It affects your strength (+4).
 m - a +1 cloak (worn)
 u - a +1 plate armour
 A - a +0 pair of boots
Jewellery
 n - a ring of resist corrosion (left hand)
Wands
 y - a wand of iceblast (11)
Scrolls
 t - 2 scrolls of torment
 v - a scroll of identify
Potions
 b - a potion of degeneration {unknown}
 d - 3 potions of attraction
 f - 2 potions of haste
 g - 2 potions of lignification {unknown}
 i - a potion of invisibility {unknown}
 k - 5 potions of mutation
 o - 4 potions of magic {unknown}
 p - 3 potions of brilliance
 r - 2 potions of resistance
 s - a potion of flight {unknown}
 w - a potion of berserk rage {unknown}
 x - a potion of might
 z - a potion of curing


   Skills:
 + Level 9.2 Fighting
 + Level 8.0 Maces & Flails
 + Level 9.1 Armour
 - Level 5.5 Shields


You had 9 spell levels left.
You didn't know any spells.
Your spell library contained the following spells:

 Spells                   Type           Power      Damage    Failure   Level
 Beastly Appendage        Tmut           0%         N/A       98%         1
 Wereblood                Tmut           0%         N/A       99%         2
 Frozen Ramparts          Ice            0%         1d1       100%        3
 Spider Form              Tmut/Pois      0%         N/A       100%        3
 Ice Form                 Ice/Tmut       0%         N/A       100%        4
 Summon Ice Beast         Ice/Summ       0%         N/A       100%        4
 Storm Form               Tmut/Air       0%         N/A       100%        7


Dungeon Overview and Level Annotations

Branches:
Dungeon (7/15)             Temple (1/1) D:6          Bailey (1/1)

Altars:
Ashenzari
Cheibriados
Dithmenos
Elyvilon
Fedhas
Gozag
Hepliaklqana
Kikubaaqudgha
Nemelex Xobeh
Okawaru
Qazlal
Ru
Trog
Uskayaw
Vehumet
Xom
Yredelemnul
The Shining One

Shops:
D:1 :

Annotations:
D:5 2 runed translucent doors


Innate Abilities, Weirdness & Mutations

You are immune to sickness and miasma.
Your stone body is resilient. (AC +7)
You are immune to poison.
You resist negative energy. (rN+)
You are resistant to electric shocks. (rElec)
You are resistant to unholy torment.
You are immune to petrification.


Message History

You feel much better. The orc misses you.
The orc hits you from afar with a +0 trident.
The orc knight hits you from afar with a +0 trident!!
* * * LOW HITPOINT WARNING * * *
The orc warrior hits you but does no damage.
The orc knight barely misses you.
The orc hits you but does no damage. [a] - 500 gold - heal wounds, haste and resistance [b] - 299 gold - heal wounds, curing and berserk rage [c] - 252 gold - brilliance and magic Purchase which effect?
You feel much better.
You feel better.
A red film seems to cover your vision as you go berserk!
You feel yourself moving faster!
You feel mighty!
The orc knight no longer looks unusually strong.
The orc hits you with a +5 trident. The orc hits you but does no damage.
The orc closely misses you.
The orc warrior hits you from afar with a +0 trident.
The orc knight roars a battlecry!
The orcs go into a battle-frenzy!
The orc warrior hits you from afar with a +0 glaive!
The orc knight hits you with a +0 trident!!
The orc hits you but does no damage.
Unknown command.
You hit the orc knight.
The orc knight is heavily wounded.
You closely miss the orc knight.
The orc knight is heavily wounded.
The orc hits you but does no damage. x2
The orc hits you from afar with a +0 trident.
The orc warrior hits you but does no damage.
The orc knight hits you from afar with a +0 trident.
The orc warrior completely misses you.
The orc knight hits you with a +0 trident!!
* * * LOW HITPOINT WARNING * * *
The orc hits you but does no damage.
You barely miss the orc knight.
The orc knight is heavily wounded.
The orc hits you with a +5 trident!
You die...
Your body crumbles into a pile of gold.

#.......#
#.......#
##.....##
##'''##
#.....#
#.....#
#.....#
#...$.#
#o@o$.#
##o$o##
*#oooo.#*
#..o....#
#..#.#..#
#.......#
#.......#
#.......#
##...o.##


You could see 2 orc knights, 2 orc warriors and 5 orcs.

Vanquished Creatures
  Maggie (D:6)
  A hornet (D:5)
  2 acid dragons (D:5)
  A black bear (D:7)
  4 orc warriors
  2 ice beasts (D:6)
  A centaur (D:5)
  4 ogres
  A bullfrog (D:7)
  A gnoll sergeant (D:4)
  3 scorpions
  4 wights (D:4)
  A howler monkey (D:5)
  A bullfrog zombie (D:7)
  A gnoll bouda (D:6)
  6 hounds
  3 jellies
  Crazy Yiuf (D:6)
  4 orc priests
  4 iguanas
  5 orc wizards
  A howler monkey zombie (D:7)
  18 gnolls
  14 adders
  2 white imps
  4 ufetubi
  A worm (D:2)
  2 dart slugs
  38 orcs
  4 ball pythons
  8 endoplasms
  4 giant cockroaches (D:2)
  4 goblins
  10 hobgoblins
  4 kobolds
  2 quokkas
  4 bats
  2 frilled lizards
  4 rats
177 creatures vanquished.

Notes
Turn   | Place    | Note
-------+----------+-------------------------------------------
     0 | D:1      | retardedninja the Gargoyle Fighter began the quest for the
                  | Orb.
     0 | D:1      | Reached XP level 1. HP: 14/14 MP: 1/1
   419 | D:1      | Reached XP level 2. HP: 19/19 MP: 2/2
   639 | D:1      | Found Muky's Vocational Training.
   862 | D:2      | Found a basalt altar of Yredelemnul.
   938 | D:2      | Reached XP level 3. HP: 13/23 MP: 3/3
  1205 | D:2      | Reached XP level 4. HP: 29/29 MP: 4/4
  1616 | D:3      | Noticed an ogre
  1621 | D:3      | Killed an ogre
  1622 | D:3      | Reached XP level 5. HP: 34/34 MP: 5/5
  1720 | D:3      | Found a snail-covered altar of Cheibriados.
  1723 | D:3      | Found a sacrificial altar of Ru.
  1723 | D:3      | Found a hazy altar of Hepliaklqana.
  1734 | D:3      | Found an opulent altar of Gozag.
  1737 | D:3      | Found an iron altar of Okawaru.
  1832 | D:3      | Became a worshipper of Gozag Ym Sagoz the Greedy
  1907 | D:3      | Found a bloodstained altar of Trog.
  1909 | D:3      | Found a stormy altar of Qazlal.
  2568 | D:3      | Reached XP level 6. HP: 20/39 MP: 6/6
  3347 | D:4      | Got the Codex of Composition
  3388 | D:4      | Noticed an orc warrior
  3429 | D:4      | Killed an orc warrior
  3430 | D:4      | Reached skill level 5 in Fighting
  3430 | D:4      | Reached skill level 5 in Armour
  3430 | D:4      | Reached skill level 5 in Shields
  3430 | D:4      | Reached XP level 7. HP: 9/44 MP: 7/7
  3891 | D:4      | Found a glowing golden altar of the Shining One.
  4453 | D:4      | Found a white marble altar of Elyvilon.
  4601 | D:5      | Entered Level 5 of the Dungeon
  4736 | D:5      | Reached XP level 8. HP: 51/51 MP: 8/8
  4771 | D:5      | Reached skill level 5 in Maces & Flails
  4886 | D:5      | Identified the +1 robe "Tiylu" {Will+ rCorr}
  5854 | D:5      | Identified the +1 plate armour of Generosity {Str+4}
  5879 | D:5      | Found a large runed translucent door.
  5879 | D:5      | Found a large runed translucent door.
  5922 | D:5      | Noticed a hornet
  5933 | D:5      | Killed a hornet
  6302 | D:5      | Found a large runed translucent door.
  6302 | D:5      | Found a large runed translucent door.
  6407 | D:5      | Reached XP level 9. HP: 46/57 MP: 9/9
  6659 | D:5      | Identified the +7 short sword of Dissolution {chaos, *Noise
                  | rPois rC+++}
  7252 | D:6      | Noticed Maggie
  7257 | D:6      | Killed Maggie
  7545 | D:6      | Found a hide-covered altar of Uskayaw.
  7574 | D:6      | Found a runed translucent door.
  7575 | D:6      | Noticed Crazy Yiuf
  7611 | D:6      | Found a staircase to the Ecumenical Temple.
  7871 | D:6      | Killed Crazy Yiuf
  7906 | Temple   | Entered the Ecumenical Temple
  8197 | D:7      | Found an ancient bone altar of Kikubaaqudgha.
  8267 | D:7      | Found a flagged portal.
  8312 | Bailey   | Entered a bailey
  8340 | Bailey   | Reached XP level 10. HP: 57/66 MP: 10/10
  8515 | Bailey   | Noticed an orc knight
  8516 | Bailey   | Noticed an orc knight
  8536 | Bailey   | HP: 2/66 [orc knight/+0 trident (5)]
  8543 | Bailey   | HP: 4/99 [orc knight/+0 trident (27)]
  8544 | Bailey   | Mangled by an orc

Illustrated notes

Levels and vault maps discovered:
D:1:      ebering_hopf_link, layout_loops_ring, minmay_statues_item,
          nicolae_shop_vocational
D:2:      layout_rooms, basic_altar, grunt_ministairs_15, minmay_unequal
D:3:      layout_loops_ring, minmay_overflow_temple_star_hex,
          jmf_multi_god_temple, dreamdust_princess_bridge
D:4:      layout_loops_ring, mainiacjoe_overflow_small_starburst,
          elyvilon_altar_1
D:5:      layout_basic, minmay_hollow_rounded_squares
D:6:      cheibrodos_quashed, layout_rooms, nicolae_uskayaw_dance_hall,
          temple_statues, roderic_roman_lattice, nicolae_fountain_basement,
          uniq_crazy_yiuf_cottage, uniq_maggie
D:7:      layout_basic, lemuel_tele_altar, mainiacjoe_overflow_cross_hatched,
          lemuel_zombie_altar_yredelemnul, enter_bailey_4, hex_medium
Temple:   nicolae_temple_bog_church
Bailey:   bailey_polearm_5, bailey

Skill      XL: |  1  2  3  4  5  6  7  8  9 10 |
---------------+-------------------------------+-----
Armour         | 4 5 7 8 9 |  9.1
Fighting       | 4 5 7 9 |  9.2
Shields        | 4 5 |  5.5
Maces & Flails | 3 4 6 7 8 |  8.0

Action                     |  1- 3 |  4- 6 |  7- 9 | 10-12 || total
---------------------------+-------+-------+-------+-------++-------
  Melee: Flail             |    98 |   115 |    46 |       ||   259
         Dire flail        |       |       |   268 |    39 ||   307
 Invoke: Potion Petition   |       |       |       |     1 ||     1
  Evoke: Wand              |       |       |       |     1 ||     1
    Use: Potion            |       |     8 |     2 |     5 ||    15
         Scroll            |       |     7 |     7 |     1 ||    15
   Stab: Distracted        |       |       |     2 |       ||     2
 Armour: Scale mail        |    30 |       |       |       ||    30
         Chain mail        |    63 |    94 |    73 |       ||   230
         Plate armour      |       |       |   217 |    67 ||   284
  Dodge: Dodged            |    44 |    64 |   176 |    45 ||   329
  Block: Buckler           |    24 |    36 |     9 |       ||    69

Table legend: (Time is in decaauts)
 A = Elapsed time spent in this place.
 B = Non-inter-level travel time spent in this place.
 C = Inter-level travel time spent in this place.
 D = Time resting spent in this place.
 E = Time spent auto-exploring this place.
 F = Levels seen in this place.
 G = Mean time per level.
                   A        B        C        D        E       F      G
               +--------+--------+--------+--------+--------+-----+--------+
         Total |   8620 |   8132 |    488 |   2315 |   4488 |   9 |  957.8 |
       Dungeon |   8259 |   7775 |    484 |   2315 |   4209 |   7 | 1179.9 |
        Temple |    135 |    131 |      4 |      0 |    123 |   1 |  135.0 |
        Bailey |    226 |    226 |      0 |      0 |    156 |   1 |  226.0 |
               +--------+--------+--------+--------+--------+-----+--------+

Top non-repeatable levels by time:
     D:5: 2117 daAuts
     D:4: 1994 daAuts
     D:3: 1154 daAuts
     D:6: 1137 daAuts
     D:1: 869 daAuts
     D:2: 735 daAuts
     D:7: 250 daAuts
  Bailey: 226 daAuts
  Temple: 135 daAuts
